 Dungeon Crawl Stone Soup version 0.20.2-3-g29329e0561 (webtiles) character file.

392 Alfie the Skirmisher (level 6, -3/55 HPs)
             Began as a Hill Orc Fighter on Dec 18, 2023.
             Killed from afar by an adder (39 damage)
             ... with an exploding inner flame
             ... hexed by the player character
             ... in a sewer.
             The game lasted 00:06:22 (2068 turns).

Alfie the Skirmisher (Hill Orc Fighter)             Turns: 2068, Time: 00:06:22

Health: -3/55      AC:  7    Str: 21    XL:     6   Next: 81%
Magic:  6/6        EV:  8    Int:  8    God:
Gold:   236        SH:  9    Dex: 10    Spells: 5/5 levels left

rFire    . . .     SeeInvis .   a - +0 rapier
rCold    . . .     Gourm    .   c - +0 shield
rNeg     . . .     Faith    .   b - +0 scale mail
rPois    .         Spirit   .   (no helmet)
rElec    .         Reflect  .   (no cloak)
rCorr    .         Harm     .   (no gloves)
MR       .....                  (no boots)
Stlth    ..........             (no amulet)
Regen    0.2/turn               (no ring)
MPRegen  0.1/turn               (no ring)

@: mesmerised, very slow
A: no striking features
a: no special abilities


You were in a sewer.
You were not hungry.

You visited 1 branch of the dungeon, and saw 3 of its levels.
You also visited: Sewer.

You collected 236 gold pieces.

Inventory:

Hand Weapons
 a - a +0 rapier (weapon)
Armour
 b - a +0 scale mail (worn)
 c - a +0 shield (worn)
Jewellery
 v - a +3 ring of strength {unknown}
Scrolls
 h - a scroll of magic mapping {unknown}
 i - 3 scrolls of teleportation
 l - 2 scrolls of noise {unknown}
 r - a scroll of amnesia {unknown}
 s - a scroll of identify {unknown}
 t - 2 scrolls of remove curse {unknown}
 x - 2 scrolls of fear {unknown}
 y - a scroll of recharging {unknown}
 z - a scroll of random uselessness {unknown}
Potions
 e - a potion of agility {unknown}
 g - a potion of brilliance {unknown}
 j - 2 potions of curing
 k - a potion of magic {unknown}
 m - 2 potions of lignification {unknown}
 n - a potion of invisibility {unknown}
 p - a potion of experience {unknown}
 q - 5 potions of flight
 u - a potion of degeneration {unknown}
 w - a potion of mutation {unknown}
Comestibles
 f - a royal jelly
 o - 2 meat rations


   Skills:
 + Level 4.8 Fighting
 + Level 4.5 Short Blades
 + Level 4.4 Armour
 + Level 1.0 Dodging
 + Level 0.1 Stealth
 + Level 4.8 Shields


You had 5 spell levels left.
You didn't know any spells.

Dungeon Overview and Level Annotations

Branches:
Dungeon (3/15)

Altars:


Message History

The malarious merfolk avatar chants its luring song.
The adder bites you but does no damage.
You miss the adder.
The adder is severely wounded.
You block the adder's attack. The drowned soul touches you.
The drowned soul drowns you.
You closely miss the adder.
The adder is severely wounded.
The adder bites you but does no damage.
The malarious merfolk avatar chants its luring song.
You closely miss the adder.
The adder is severely wounded.
The adder closely misses you.
The malarious merfolk avatar chants its luring song.
The adder barely misses you.
You puncture the adder!
The adder explodes!
The fiery explosion engulfs you!
Ouch! That really hurt!
You die...

≈≈≈≈≈≈≈ ≈≈≈≈≈≈≈ #
≈W≈≈≈≈. # ≈≈≈≈≈≈. #### #
≈≈≈≈≈≈W #..# # ≈≈≈m≈≈.
#.†# ## ≈≈≈≈≈§§###..#
####≈
≈≈≈≈≈§§§≈#..########≈≈≈≈
≈≈≈≈≈§§@≈≈≈≈≈≈≈≈≈≈≈≈#≈≈.
≈≈≈≈≈≈≈≈?#..#########†..
≈≈W≈≈≈≈###..# #≈≈..†..#
≈≈≈≈≈≈≈ ##.## #≈≈######
≈≈≈≈≈≈# #.†###..# ≈≈≈≈≈≈
##.....## ≈≈≈≈≈≈ #######
≈≈≈≈≈≈


You could see a malarious merfolk avatar (inner flame) and 2 drowned souls.

Vanquished Creatures
  Sigmund (D:3)
  Jessica (D:3)
  A merfolk siren (Sewer)
  3 adders
  6 river rats
  A worm (D:3)
  A dart slug (D:3)
  4 leopard geckos
  An orc (D:3)
  2 bats
  5 giant cockroaches
  8 goblins
  6 hobgoblins
  2 jackals (D:2)
  3 quokkas
  5 ball pythons (Sewer)
  9 frilled lizards
  10 kobolds
  34 rats
103 creatures vanquished.

Notes
Turn   | Place    | Note
-------+----------+-------------------------------------------
     0 | D:1      | Alfie the Hill Orc Fighter began the quest for the Orb.
     0 | D:1      | Reached XP level 1. HP: 19/19 MP: 1/1
    92 | D:1      | Reached XP level 2. HP: 16/27 MP: 2/2
   407 | D:1      | Reached XP level 3. HP: 31/33 MP: 3/3
  1191 | D:3      | Reached XP level 4. HP: 38/40 MP: 4/4
  1246 | D:3      | Noticed Jessica
  1253 | D:3      | Killed Jessica
  1390 | D:3      | Found a faded altar of an unknown god.
  1459 | D:3      | Noticed Sigmund
  1470 | D:3      | Killed Sigmund
  1470 | D:3      | Reached XP level 5. HP: 23/47 MP: 5/5
  1470 | D:3      | Reached XP level 6. HP: 25/53 MP: 6/6
  1750 | D:3      | Found a glowing drain.
  1756 | Sewer    | Entered a sewer
  2015 | Sewer    | Reached skill level 1 in Dodging
  2068 | Sewer    | Killed from afar by an adder

Skill      XL: |  1  2  3  4  5  6 |
---------------+-------------------+-----
Armour         | 4 |  4.4
Fighting       | 4 |  4.8
Short Blades   | 4 |  4.5
Shields        | 4 |  4.8
Dodging        | 1 |  1.0
Stealth        | |  0.1

Action                   |  1- 3 |  4- 6 || total
-------------------------+-------+-------++-------
Melee: Rapier            |   137 |   240 ||   377
  Use: Potion            |       |     2 ||     2
       Scroll            |       |     1 ||     1
  Eat: Bread ration      |     1 |       ||     1
Armor: Scale mail        |    55 |    96 ||   151
Dodge: Dodged            |    39 |    92 ||   131
Block: Shield            |    71 |   119 ||   190
